 Dungeon Crawl Stone Soup version 0.22-a0-192-g6ffc940 (webtiles) character file.

338 poofeast420 the Cutter (level 6, -10/32 HPs)
             Began as a Vine Stalker Fighter on Feb 16, 2018.
             Mangled by an ogre
             ... wielding a +0 giant club
              (28 damage)
             ... on level 4 of the Dungeon.
             The game lasted 00:02:44 (2324 turns).

poofeast420 the Cutter (Vine Stalker Fighter)       Turns: 2324, Time: 00:02:45

Health: -10/32     AC:  7    Str: 20    XL:     6   Next: 55%
Magic:  0/7        EV:  5    Int:  8    God:
Gold:   159        SH: 13    Dex: 14    Spells: 5/5 levels left

rFire    . . .     SeeInvis .   a - +0 rapier
rCold    . . .     Gourm    .   o - +0 large shield
rNeg     . . .     Faith    .   b - +0 scale mail
rPois    .         Spirit   +   (no helmet)
rElec    .         Reflect  .   (no cloak)
rCorr    .         Harm     .   (no gloves)
MR       .....                  g - +0 pair of boots
Stlth    ..........             (no amulet)
HPRegen  0.50/turn              (no ring)
MPRegen  0.10/turn              (no ring)

@: no status effects
A: fangs 2, regeneration 1, magic shield, antimagic bite, no potion heal 3, rot
immunity
a: no special abilities


You were on level 4 of the Dungeon.
You were not hungry.

You visited 1 branch of the dungeon, and saw 4 of its levels.

You collected 159 gold pieces.

Inventory:

Hand Weapons
 a - a +0 rapier (weapon)
Armour
 b - a +0 scale mail (worn)
 c - a +0 shield
 g - a +0 pair of boots (worn)
 o - a +0 large shield (worn)
Jewellery
 q - a cursed -2 ring of strength {unknown}
Scrolls
 e - 5 scrolls of teleportation {unknown}
 i - a scroll of enchant armour {unknown}
 j - 2 scrolls of identify {unknown}
 k - a scroll of immolation {unknown}
 l - a scroll of blinking {unknown}
 n - 2 scrolls of remove curse {unknown}
Potions
 d - a potion of might
 h - 2 potions of ambrosia {unknown}
 m - 2 potions of lignification {unknown}
 p - a potion of cancellation {unknown}
Comestibles
 f - 8 rations


   Skills:
 - Level 2.6 Fighting
 + Level 6.1 Short Blades
 - Level 2.4 Armour
 - Level 2.6 Shields


You had 5 spell levels left.
You didn't know any spells.

Dungeon Overview and Level Annotations

Branches:
Dungeon (4/15)
 Temple: D:4-7

Altars:
Cheibriados
Makhleb
Ru
Vehumet
The Shining One


Innate Abilities, Weirdness & Mutations

You have extremely sharp teeth.
Your natural rate of healing is unusually fast.
When hurt, damage is shared between your health and your magic reserves.
Your bite disrupts and absorbs the magic of your enemies.
Potions cannot restore your health.
You are immune to rotting.


Message History

You see here 8 arrows.
All of the chunks of flesh in your inventory have rotted away.
You see here 20 poisoned needles.
You puncture the ogre!
The ogre is severely wounded.
The ogre hits you but does no damage.
Your shield prevents you from hitting the ogre.
Your bite misses the ogre.
The ogre is severely wounded.
The ogre hits you with a giant club!
You hit the ogre.
The ogre is almost dead.
You hit the ogre.
The ogre is almost dead.
You block the ogre's attack.
Your shield prevents you from hitting the ogre.
The ogre is almost dead.
The ogre hits you with a giant club!!
Ouch! That really hurt!
You die...

#....# #..###
#..#
#####..#### #..
#.(.......# #..
.# #.###..##.#
#.# .#
#.###..##.# #.#
.# #....O.##.#
#.# #
#..##@.##.# #.#
#..##.###.# #.#
#.......#.# #†#
#...#.#.#.###.#
#.........(...#
##..#.#.#######
........#
####.#.###
#.#.#


You could see an ogre.

Vanquished Creatures
  A howler monkey (D:4)
  2 hounds
  An orc wizard (D:3)
  4 gnolls (D:3)
  7 adders
  A shadow imp (D:4)
  An adder skeleton (D:4)
  A worm (D:3)
  3 dart slugs
  2 leopard geckos
  4 orcs (D:3)
  9 bats
  A bat skeleton (D:2)
  A bat zombie (D:2)
  3 giant cockroaches
  7 goblins
  8 hobgoblins
  5 jackals
  3 quokkas
  4 ball pythons
  4 frilled lizards
  A jackal skeleton (D:2)
  11 kobolds
  9 rats
93 creatures vanquished.

Notes
Turn   | Place    | Note
-------+----------+-------------------------------------------
     0 | D:1      | poofeast420 the Vine Stalker Fighter began the quest for the Orb.
     0 | D:1      | Reached XP level 1. HP: 11/11 MP: 2/2
     9 | D:1      | Reached skill level 2 in Short Blades
    24 | D:1      | Reached XP level 2. HP: 8/16 MP: 3/3
   265 | D:1      | Reached skill level 3 in Short Blades
   315 | D:1      | Reached XP level 3. HP: 19/19 MP: 4/4
   595 | D:2      | Found a radiant altar of Vehumet.
   749 | D:2      | Found a glowing golden altar of the Shining One.
   970 | D:2      | Gained mutation: Your natural rate of healing is unusually fast. [Vine Stalker growth]
   970 | D:2      | Reached XP level 4. HP: 21/23 MP: 3/5
  1175 | D:3      | Reached skill level 4 in Short Blades
  1297 | D:3      | Found a burning altar of Makhleb.
  1346 | D:3      | Reached XP level 5. HP: 27/27 MP: 6/6
  1694 | D:3      | Found a sacrificial altar of Ru.
  1768 | D:3      | Reached skill level 5 in Short Blades
  1906 | D:3      | Reached XP level 6. HP: 32/32 MP: 7/7
  2174 | D:4      | Found a snail-covered altar of Cheibriados.
  2190 | D:4      | Reached skill level 6 in Short Blades
  2324 | D:4      | Mangled by an ogre

Vault maps used:
D:1:      dpeg_arrival_shelter
D:2:      vehumet_crystals, serial_undead, serial_undead_b, serial_undead_c,
          serial_undead_b, serial_undead_a, tso_metal_star
D:3:      lemuel_coloured_pillars_altar, makhleb_blood_cavern_becter
D:4:      lemuel_doored_altar, lemuel_round_altar, item_on_display_a

Skill      XL: |  1  2  3  4  5  6 |
---------------+-------------------+-----
Short Blades   | 2 3 4 5 6 |  6.1
Fighting       | |  2.6
Armour         | |  2.4
Shields        | |  2.6

Action                   |  1- 3 |  4- 6 || total
-------------------------+-------+-------++-------
Melee: Rapier            |   109 |   167 ||   276
       Bite              |    25 |    47 ||    72
  Eat: Chunk             |       |     5 ||     5
Armor: Scale mail        |    56 |    33 ||    89
Dodge: Dodged            |    40 |    31 ||    71
Block: Shield            |    49 |    23 ||    72
       Large shield      |       |    69 ||    69

Table legend:
 A = Spawn XP
 B = Non-spawn XP
 C = Spawn XP percentage of total XP
 D = Spawn monster count
 E = Non-spawn monster count
 F = Spawn count percentage of total count
 G = Total turns spent on level
                    A         B        C        D         E        F      G
               +---------+---------+-------+---------+---------+-------+---------
         Total |       0 |     483 |   0.0 |       0 |      93 |   0.0 |  2324
               +---------+---------+-------+---------+---------+-------+---------
           D:1 |       0 |      34 |   0.0 |       0 |      19 |   0.0 |   450
           D:2 |       0 |      57 |   0.0 |       0 |      28 |   0.0 |   719
           D:3 |       0 |     240 |   0.0 |       0 |      33 |   0.0 |   809
           D:4 |       0 |     152 |   0.0 |       0 |      13 |   0.0 |   346
               +---------+---------+-------+---------+---------+-------+---------
